 Dungeon Crawl Stone Soup version 0.29-a0-653-gd47aff6735 (webtiles) character file.

Game seed: 14383080845088716826

224 spaghetti the Archer (level 6, -2/44 HPs)
             Began as a Gnoll Wanderer on June 21, 2022.
             Was an Initiate of Hepliaklqana.
             Slain by a scorpion (7 damage)
             ... on level 4 of the Dungeon.
             The game lasted 00:02:26 (2011 turns).

spaghetti the Archer (Gnoll Wanderer)               Turns: 2011, Time: 00:02:27

Health: -2/44      AC:  5    Str: 12    XL:     6   Next: 0%
Magic:  8/8        EV: 13    Int: 12    God:    Hepliaklqana [......]
Gold:   176        SH:  0    Dex: 12    Spells: 8/8 levels left

rFire   . . .      SeeInvis +   a - +2 shortbow {bow}
rCold   . . .      Faith    .   (shield currently unavailable)
rNeg    . . .      Spirit   .   e - +0 leather armour
rPois   .          Reflect  .   c - +0 helmet
rElec   .          Harm     .   (no cloak)
rCorr   .          Rampage  .   x - +0 pair of gloves
Will    .....                   (no boots)
Stlth   ++........              (no amulet)
HPRegen 0.14/turn               w - ring of see invisible
MPRegen 0.11/turn               (no ring)

@: mighty, lethally poisoned (-2 -> -15), attractive
A: fangs 1, strong nose, distributed training
a: Renounce Religion


You were on level 4 of the Dungeon.
You worshipped Hepliaklqana.
Hepliaklqana was noncommittal.
You visited 1 branch of the dungeon, and saw 4 of its levels.

You collected 176 gold pieces.


Innate Abilities, Weirdness & Mutations

You have very sharp teeth.
Your uncanny sense of smell can sniff out nearby items.
Your experience applies equally to all skills.


   Skills:
 + Level 1.7 Fighting
 + Level 1.7 Short Blades
 + Level 1.7 Long Blades
 + Level 1.7 Axes
 + Level 1.7 Maces & Flails
 + Level 1.7 Polearms
 + Level 3.1 Staves
 + Level 1.7 Slings
 + Level 8.7 Bows
 + Level 1.7 Crossbows
 + Level 1.7 Throwing
 + Level 3.1 Armour
 + Level 4.9 Dodging
 + Level 2.9 Stealth
 + Level 1.7 Shields
 + Level 1.7 Unarmed Combat
 + Level 1.7 Spellcasting
 + Level 1.3 Conjurations
 + Level 1.3 Hexes
 + Level 1.3 Summonings
 + Level 1.3 Necromancy
 + Level 1.3 Translocations
 + Level 1.3 Transmutations
 + Level 1.3 Fire Magic
 + Level 1.3 Ice Magic
 + Level 1.3 Air Magic
 + Level 1.3 Earth Magic
 + Level 1.3 Poison Magic
 + Level 3.2 Invocations
 + Level 1.7 Evocations


You had 8 spell levels left.
You didn't know any spells.
Your spell library contained the following spells:

 Spells                   Type           Power      Damage    Failure   Level
 Ensorcelled Hibernation  Hex/Ice        8%         N/A       30%         2
 Passwall                 Tmut/Erth      3%         N/A       30%         2
 Portal Projectile        Hex/Tloc       8%         N/A       52%         3
 Swiftness                Air            4%         N/A       52%         3
 Tukima's Dance           Hex            4%         N/A       52%         3
 Blade Hands              Tmut           2%         N/A       99%         5

Inventory:

Hand Weapons
 a - a +2 shortbow (weapon) {bow}
 b - a +0 quarterstaff {staff}
 j - a +0 spear of freezing {polearm}
   (You found it on level 1 of the Dungeon)
Missiles
 k - 50 stones {throwing}
 y - 6 curare-tipped darts {=fthrowing}
Armour
 c - a +0 helmet (worn)
 e - a +0 leather armour (worn)
 x - a +0 pair of gloves (worn)
   (You found it on level 2 of the Dungeon)
Magical Staves
 m - a staff of air {!astaff}
   (You found it on level 1 of the Dungeon)
Jewellery
 w - a ring of see invisible (left hand)
   (You found it on level 2 of the Dungeon)
Scrolls
 d - a scroll of blinking {!r}
 g - a scroll of enchant weapon {unknown}
 l - a scroll of teleportation {unknown}
 n - 4 scrolls of identify {unknown}
 o - a scroll of amnesia {unknown}
 q - a scroll of poison {unknown}
 u - 2 scrolls of noise {unknown}
 A - a scroll of fear {unknown}
 C - a scroll of vulnerability {unknown}
 D - 2 scrolls of enchant armour {unknown}
Potions
 f - a potion of brilliance {unknown}
 h - a potion of might
 i - a potion of lignification {unknown}
 p - a potion of heal wounds {unknown}
 r - 3 potions of degeneration {unknown}
 s - a potion of ambrosia {unknown}
 t - a potion of curing {unknown}
 v - 2 potions of attraction {!q}
 z - 2 potions of cancellation {unknown}
 B - a potion of resistance {unknown}
 E - a potion of magic {unknown}

Dungeon Overview and Level Annotations

Branches:
Dungeon (4/15) Zot: 21976
 Temple: D:4-7

Altars:
Hepliaklqana

Shops:
D:1

: ##### #...#
#.#######.#.#
#...gs.##.#.#
#### #@##.#.#
#....#.##.#.#
#......#.#
###.####.#
...# #.#
##### #.# #.#
#.# #.#


You could see a scorpion and a goblin.


Message History

A goblin is nearby!
You shoot an arrow. The arrow hits the goblin.
The goblin shouts!
You shoot an arrow. The arrow hits the goblin!
You kill the goblin!
No target in view!
No target in view!
No target in view!
No target in view!
No target in view!
No target in view!
No target in view!
No target in view!
No target in view!
No target in view!
No target in view!
No target in view!
Things that are here:
a +0 club {mace}; a goblin corpse Key pressed, stopping explore.
A goblin and a scorpion come into view.
There are monsters nearby!
You shoot an arrow. The arrow closely misses the scorpion.
The scorpion stings you.
You are poisoned.
The scorpion poisons you! 😕 HP[-5]
You take 5 damage, and now have 39/44 hp.
Shoot: a) +2 shortbow {bow}
Press: ? - help, Q - select action, (/) - cycle Shift-Dir - straight line, f/p - scorpion
Aim: a scorpion (64% to hit)
You shoot an arrow.
The arrow completely misses the scorpion.
You feel very sick. The scorpion stings you.
The scorpion closely misses you. 😕 HP[-5]
You take 5 damage, and now have 34/44 hp.
Shoot: a) +2 shortbow {bow}
Press: ? - help, Q - select action, (/) - cycle Shift-Dir - straight line, f/p - scorpion
Aim: a scorpion (64% to hit)
You shoot an arrow. The arrow hits the scorpion.
You feel sick.
The scorpion barely misses you. 😮 HP[-2]
You take 2 damage, and now have 32/44 hp.
Shoot: a) +2 shortbow {bow}
Press: ? - help, Q - select action, (/) - cycle Shift-Dir - straight line, f/p - scorpion
Aim: a scorpion (lightly wounded, 64% to hit)
You shoot an arrow. The arrow barely misses the scorpion.
You feel sick.
The scorpion closely misses you. 😮 HP[-1]
You take 1 damage, and now have 31/44 hp.
Shoot: a) +2 shortbow {bow}
Press: ? - help, Q - select action, (/) - cycle Shift-Dir - straight line, f/p - scorpion
Aim: a scorpion (lightly wounded, 64% to hit)
You shoot an arrow. The arrow closely misses the scorpion.
You feel sick. The scorpion misses you. The scorpion stings you. 😮 HP[-4]
You take 4 damage, and now have 27/44 hp.
Shoot: a) +2 shortbow {bow}
Press: ? - help, Q - select action, (/) - cycle Shift-Dir - straight line, f/p - scorpion
Aim: a scorpion (lightly wounded, 64% to hit)
You shoot an arrow. The arrow hits the scorpion.
You feel sick.
The scorpion closely misses you. 😮 HP[-1]
You take 1 damage, and now have 26/44 hp.
Shoot: a) +2 shortbow {bow}
Press: ? - help, Q - select action, (/) - cycle Shift-Dir - straight line, f/p - scorpion
Aim: a scorpion (moderately wounded, 64% to hit)
You shoot an arrow. The arrow hits the scorpion.
You feel sick. The scorpion stings you.
You are more poisoned.
The scorpion poisons you! 😮 HP[-3]
You take 3 damage, and now have 23/44 hp.
Shoot: a) +2 shortbow {bow}
Press: ? - help, Q - select action, (/) - cycle Shift-Dir - straight line, f/p - scorpion
Aim: a scorpion (heavily wounded, 64% to hit)
You shoot an arrow. The arrow hits the scorpion.
You feel very sick. The scorpion stings you.
* * * LOW HITPOINT WARNING * * *
You are lethally poisoned!
The scorpion poisons you! The scorpion stings you.
* * * LOW HITPOINT WARNING * * *
😨 HP[-11]
You take 11 damage, and now have 12/44 hp.
MASSIVE DAMAGE!! (PAUSE) It was a potion of might.
You feel very mighty all of a sudden.
* * * LOW HITPOINT WARNING * * *
You feel very sick.
The scorpion closely misses you. 😱 HP[-4]
You take 4 damage, and now have 8/44 hp.
It was a potion of attraction.
You feel attractive to monsters.
* * * LOW HITPOINT WARNING * * *
You feel very sick. The scorpion stings you!
You die...

Skill      XL: |  1  2  3  4 |
---------------+-------------+-----
Fighting       | 1 |  1.7
Short Blades   | 1 |  1.7
Long Blades    | 1 |  1.7
Axes           | 1 |  1.7
Maces & Flails | 1 |  1.7
Polearms       | 1 |  1.7
Slings         | 1 |  1.7
Crossbows      | 1 |  1.7
Throwing       | 1 |  1.7
Shields        | 1 |  1.7
Unarmed Combat | 1 |  1.7
Spellcasting   | 1 |  1.7
Evocations     | 1 |  1.7
Staves         | 3 |  3.1
Armour         | 3 |  3.1
Conjurations   | 1 |  1.3
Hexes          | 1 |  1.3
Summonings     | 1 |  1.3
Necromancy     | 1 |  1.3
Translocations | 1 |  1.3
Transmutations | 1 |  1.3
Fire Magic     | 1 |  1.3
Ice Magic      | 1 |  1.3
Air Magic      | 1 |  1.3
Earth Magic    | 1 |  1.3
Poison Magic   | 1 |  1.3
Invocations    | 3 |  3.2
Bows           | |  8.7
Dodging        | |  4.9
Stealth        | |  2.9

Action                   |  1- 3 |  4- 6 || total
-------------------------+-------+-------++-------
 Fire: Shortbow          |    87 |    36 ||   123
  Use: Potion            |       |     2 ||     2
Armor: Leather armour    |    14 |       ||    14
Dodge: Dodged            |    15 |     9 ||    24

Levels and vault maps discovered:
D:1:      dpeg_arrival_tiny_h, layout_rooms, serial_shops,
          nicolae_shop_advertising_works [nicolae_subvault_shop_adworks]
D:2:      layout_rooms, minmay_joined_circles
D:3:      layout_basic, lemuel_round_altar, uniq_sigmund
D:4:      layout_basic, nrook_uturn

Notes
Turn   | Place    | Note
-------+----------+-------------------------------------------
     0 | D:1      | spaghetti the Gnoll Wanderer began the quest for the Orb.
     0 | D:1      | spaghetti set off with the following items: a +2 shortbow
                  | {bow}, a +0 quarterstaff {staff}, a +0 helmet, a scroll of
                  | blinking {!r}, a +0 leather armour.
     0 | D:1      | Reached XP level 1. HP: 13/13 MP: 2/2
     0 | D:1      | magus.rc [v1.9.6]
   129 | D:1      | Reached XP level 2. HP: 19/19 MP: 3/3
   212 | D:1      | Found Apoh Mel's Book Emporium.
   315 | D:1      | You pick up a book of Burglary and begin reading...
   315 | D:1      | You add the spells Passwall, Ensorcelled Hibernation and
                  | Swiftness to your library.
   472 | D:2      | You pick up a book of Weapons and begin reading...
   472 | D:2      | You add the spells Tukima's Dance, Portal Projectile and
                  | Blade Hands to your library.
   526 | D:2      | Reached XP level 3. HP: 25/25 MP: 4/4
   819 | D:2      | Reached skill level 1 in Fighting
   819 | D:2      | Reached skill level 1 in Short Blades
   819 | D:2      | Reached skill level 1 in Long Blades
   819 | D:2      | Reached skill level 1 in Axes
   819 | D:2      | Reached skill level 1 in Maces & Flails
   819 | D:2      | Reached skill level 1 in Polearms
   819 | D:2      | Reached skill level 1 in Slings
   819 | D:2      | Reached skill level 1 in Crossbows
   819 | D:2      | Reached skill level 1 in Throwing
   819 | D:2      | Reached skill level 1 in Shields
   819 | D:2      | Reached skill level 1 in Unarmed Combat
   819 | D:2      | Reached skill level 1 in Spellcasting
   819 | D:2      | Reached skill level 1 in Evocations
  1172 | D:3      | Reached XP level 4. HP: 32/32 MP: 6/6
  1236 | D:3      | Found a hazy altar of Hepliaklqana.
  1246 | D:3      | Became a worshipper of Hepliaklqana the Forgotten
  1653 | D:3      | Noticed Sigmund
  1661 | D:3      | Killed Sigmund
  1662 | D:3      | Reached skill level 3 in Staves
  1662 | D:3      | Reached skill level 3 in Armour
  1662 | D:3      | Reached skill level 1 in Conjurations
  1662 | D:3      | Reached skill level 1 in Hexes
  1662 | D:3      | Reached skill level 1 in Summonings
  1662 | D:3      | Reached skill level 1 in Necromancy
  1662 | D:3      | Reached skill level 1 in Translocations
  1662 | D:3      | Reached skill level 1 in Transmutations
  1662 | D:3      | Reached skill level 1 in Fire Magic
  1662 | D:3      | Reached skill level 1 in Ice Magic
  1662 | D:3      | Reached skill level 1 in Air Magic
  1662 | D:3      | Reached skill level 1 in Earth Magic
  1662 | D:3      | Reached skill level 1 in Poison Magic
  1662 | D:3      | Reached skill level 3 in Invocations
  1662 | D:3      | Reached XP level 5. HP: 38/38 MP: 7/7
  1770 | D:3      | Reached XP level 6. HP: 44/44 MP: 8/8
  2010 | D:4      | HP: 8/44 [poisoned by a scorpion]
  2011 | D:4      | Slain by a scorpion

Vanquished Creatures
  Sigmund (D:3)
  An adder (D:2)
  5 worms
  2 dart slugs
  An orc (D:3)
  6 endoplasms
  3 giant cockroaches
  4 goblins
  A hobgoblin (D:1)
  2 jackals (D:2)
  2 quokkas
  2 ball pythons (D:2)
  6 bats
  6 frilled lizards
  4 kobolds
  A rat (D:1)
47 creatures vanquished.

Table legend:
 A = Non-vault XP
 B = Vault XP
 C = Vault XP percentage of total XP
 D = Non-vault monster count
 E = Vault monster count
 F = Vault count percentage of total count
                 A         B        C        D         E       F
            +---------+---------+-------+---------+---------+-------
      Total |      72 |     249 |  77.6 |      35 |      12 |  25.5
            +---------+---------+-------+---------+---------+-------
        D:1 |      21 |       0 |   0.0 |      13 |       0 |   0.0
        D:2 |      16 |      35 |  68.6 |       7 |      11 |  61.1
        D:3 |      33 |     214 |  86.6 |      14 |       1 |   6.7
        D:4 |       2 |       0 |   0.0 |       1 |       0 |   0.0
            +---------+---------+-------+---------+---------+-------

Illustrated notes

Table legend:
 A = Kills in this place as a percentage of kills in entire the game.
 B = Kills by you in this place as a percentage of kills by you in the entire game.
 C = Kills by friends in this place as a percentage of kills by friends in the entire game.
 D = Other kills in this place as a percentage of other kills in the entire game.
 E = Experience gained in this place as a percentage of experience gained in the entire game.
 F = Experience gained in this place divided by the number of levels of this place that you have seen.
                   A       B       C       D       E      F
               +-------+-------+-------+-------+-------+----------------------
         Total | 100.0 | 100.0 |   N/A |   N/A | 100.0 |  80.2
       Dungeon | 100.0 | 100.0 |   N/A |   N/A | 100.0 |  80.2
               +-------+-------+-------+-------+-------+----------------------

Table legend: (Time is in decaauts)
 A = Elapsed time spent in this place.
 B = Non-inter-level travel time spent in this place.
 C = Inter-level travel time spent in this place.
 D = Time resting spent in this place.
 E = Time spent auto-exploring this place.
 F = Levels seen in this place.
 G = Mean time per level.
                   A        B        C        D        E       F      G
               +--------+--------+--------+--------+--------+-----+--------+
         Total |   2022 |   1945 |     77 |      0 |   1705 |   4 |  505.5 |
       Dungeon |   2022 |   1945 |     77 |      0 |   1705 |   4 |  505.5 |
               +--------+--------+--------+--------+--------+-----+--------+

Top non-repeatable levels by time:
     D:3: 819 daAuts
     D:2: 663 daAuts
     D:1: 442 daAuts
     D:4: 97 daAuts
